AoeStats
← daniloangst

Coastal Forest

510524907Analyzed
2v2 RM · 17h ago on Oct 1, 2026· 36m 54s· 4 players
Game mode
Random Map
Map size
Medium (4 player)
Population
200
Speed
Normal
Resources
Standard
Victory
Conquest
Starting age
Dark Age
Ending age
Imperial Age
RankedLock teamsTeams togetherTeam positionsShared explorationLock speedFull tech treeHidden civsTurbo modeCheats
Victory
Defeat
🇩🇪 Varangians · Germany
1237
+14
🇩🇪 Varangians · Germany
1176
+16
🇨🇭 Ethiopians · Switzerland
1190
-15
🇨🇭 Franks · Switzerland
1175
-15
Samen_Spender77
2:49 Loom
10:51 Feudal Age
14:47 Castle Age
12:42 Double-Bit Axe
13:53 Scale Barding Armor
25:59 Wheelbarrow
26:39 Chain Barding Armor
28:02 Hand Cart
28:28 Husbandry
28:32 Man-at-Arms
28:54 Pikeman
29:49 Scale Mail Armor
30:00 Forging
30:01 Man-at-Arms
30:42 Squires
31:04 Gambesons
31:06 Long Swordsman
32:06 Chain Mail Armor
34:38 Gold Mining
36:39 Gold Shaft Mining
daniloangst
2:46 Loom
11:20 Feudal Age
12:30 Double-Bit Axe
12:52 Fletching
14:01 Padded Archer Armor
24:08 Castle Age
22:21 Scale Mail Armor
22:45 Man-at-Arms
23:48 Horse Collar
24:31 Forging
24:34 Crossbowman
25:13 Bodkin Arrow
25:05 Long Swordsman
26:31 Squires
28:06 Wheelbarrow
29:49 Chain Mail Armor
Tobi Cariad
7:10 Loom
10:10 Feudal Age
11:15 Double-Bit Axe
12:48 Town Watch
14:54 Bloodlines
15:40 Scale Barding Armor
16:13 Fishing Lines
16:53 Forging
18:23 Wheelbarrow
18:07 Horse Collar
23:29 Castle Age
23:31 Gold Mining
24:38 Husbandry
25:40 Iron Casting
25:48 Heavy Plow
26:29 Chain Barding Armor
32:03 Iron Casting
31:42 Bow Saw
33:56 Stone Mining
37:48 Imperial Age
35:41 Hand Cart
drhousedd
6:14 Loom
9:11 Feudal Age
9:21 Man-at-Arms
10:07 Double-Bit Axe
10:56 Arson
12:50 Horse Collar
17:29 Wheelbarrow
20:10 Castle Age
18:52 Scale Mail Armor
20:17 Forging
20:50 Gambesons
21:06 Squires
21:23 Bow Saw
22:08 Chain Mail Armor
24:36 Heavy Plow
27:06 Iron Casting
32:05 Town Watch
37:37 Imperial Age
Connection lost

Rejoining the realm…

Still unreachable

The connection could not be restored.

Session expired

The server has moved on; the page needs a fresh start.